 Dungeon Crawl Stone Soup version 0.29.0-4-gdea44cf6ec (webtiles) character file.

Game seed: 6969313505475758613

1626 qw the Cleaver (level 8, -1/48 HPs)
             Began as a Tengu Warper on Aug 28, 2022.
             Slain by Maggie
             ... wielding a +1 broad axe of flaming
              (12 damage)
             ... on level 6 of the Dungeon.
             The game lasted 00:00:30 (4018 turns).

qw the Cleaver (Tengu Warper)                       Turns: 4018, Time: 00:00:30

Health: -1/48      AC:  9    Str:  8    XL:     8   Next: 97%
Magic:  12/12      EV: 10    Int: 14    God:
Gold:   229        SH:  5    Dex: 19    Spells: 11/11 levels left

rFire   + . .      SeeInvis .   Y - +1 hand axe (freeze)
rCold   + . .      Faith    .   h - +0 buckler
rNeg    . . .      Spirit   .   j - +0 scale mail
rPois   .          Reflect  .   (helmet restricted)
rElec   .          Harm     .   k - scarf {rC+ rF+}
rCorr   .          Rampage  .   c - +2 pair of gloves of the Snake Pit {Will+ Regen+ Str-5 Dex+5}
Will    +....                   (boots unavailable)
Stlth   ..........              (no amulet)
HPRegen 0.96/turn               (no ring)
MPRegen 0.13/turn               (no ring)

@: about to teleport, flying quickly and evasively, mesmerised, quick
A: beak, talons 3, nimble flight
a: no special abilities


You were on level 6 of the Dungeon.
You visited 1 branch of the dungeon, and saw 6 of its levels.

You collected 229 gold pieces.


Innate Abilities, Weirdness & Mutations

You have a beak for a mouth.
You have claws for feet.
Your magical nature lets you fly swiftly and evasively.


   Skills:
 - Level 4.2 Fighting
 - Level 10.1 Axes
 - Level 3.1 Throwing
 + Level 2.2 Armour
 - Level 3.0 Dodging
 - Level 2.3 Shields
 - Level 2.0 Spellcasting
 - Level 2.4 Translocations


You had 11 spell levels left.
You didn't know any spells.
Your spell library contained the following spells:

 Spells                   Type           Power      Damage    Failure   Level
 Blink                    Tloc           16%        N/A       86%         2
 Gell's Gravitas          Tloc           8%         N/A       98%         3
 Lesser Beckoning         Tloc           8%         N/A       98%         3
 Teleport Other           Tloc           8%         N/A       98%         3
 Manifold Assault         Tloc           8%         N/A       100%        5

Inventory:

Hand Weapons
 l - a +0 mace
 Y - a +1 hand axe of freezing (weapon)
Missiles
 i - 6 boomerangs
 p - 3 silver javelins (quivered)
Armour
 b - a +2 leather armour of fire resistance
 c - the +2 pair of gloves of the Snake Pit (worn) {Will+ Regen+ Str-5 Dex+5}
   (You found it on level 2 of the Dungeon)

   Str:       It affects your strength (-5).
   Dex:       It affects your dexterity (+5).
   Regen:     It increases your rate of health regeneration.
   Will:      It increases your willpower.
 h - a +0 buckler (worn)
 j - a +0 scale mail (worn)
 k - a scarf of resistance (worn)
Scrolls
 d - 2 scrolls of identify
Potions
 a - a potion of resistance
 e - a potion of heal wounds {unknown}
 f - a potion of curing
 g - a potion of might
 n - a potion of ambrosia {unknown}
 o - a potion of haste {unknown}

Dungeon Overview and Level Annotations

Branches:
Dungeon (6/15)
 Temple: D:4-7

Altars:
Ru
Sif Muna
Wu Jian
Zin

Shops:
D:4 :

Annotations:
D:6 Maggie


Message History

The centaur barely misses you.
The centaur kicks you but does no damage.
The centaur barely misses you. You block the centaur's attack.
You hit the centaur but do no damage.
The centaur is lightly wounded.
Maggie mumbles some strange words.
Maggie attempts to bespell you!
You are mesmerised by Maggie!
The centaur closely misses you. The centaur kicks you.
You hit the centaur but do no damage. Your kick misses the centaur.
You peck the centaur, but do no damage.
The centaur is lightly wounded.
The centaur hits you but does no damage.
The centaur closely misses you.
You hit the centaur but do no damage. You claw the centaur, but do no damage.
The centaur is lightly wounded.
The centaur hits you but does no damage.
The centaur closely misses you.
The centaur hits you but does no damage.
The centaur kicks you but does no damage.
You closely miss the centaur. You peck the centaur.
The centaur is lightly wounded.
You barely miss Maggie. Maggie gestures at you while chanting.
The bolt of fire hits you! You resist.
The centaur hits you but does no damage.
The centaur kicks you.
You barely miss the centaur.
The centaur is lightly wounded.
You hit Maggie but do no damage. You block the centaur's attack.
The centaur kicks you but does no damage.
Maggie hits you with a +1 broad axe of flaming!
4018 ||| READING scroll of teleportation.
As you read the scroll of teleportation, it crumbles to dust.
You feel strangely unstable.
The centaur hits you but does no damage.
The centaur barely misses you.
Maggie hits you with a +1 broad axe of flaming!
You die...

##. ..###.. ##..###..#..
.....#..... . #.........#
.. #.........# ...
##.........#.... #....
#..c...... . #..###@@#
.... . ##.
##.....###.:...### ...
##.......#..###..#.. ...
#............#....... ..
....#.....#.........#.....
8.# ##.%.##.........##...#
. .#.....#.........#.....
#............#.(........
##.......#..###..#......


You could see Maggie (mesmerising) and a centaur.

Vanquished Creatures
  Menkaure (D:5)
  A water moccasin (D:5)
  2 ice beasts
  A sky beast (D:6)
  An ogre (D:4)
  3 phantoms (D:5)
  A necrophage (D:4)
  3 scorpions
  2 howler monkeys
  3 hounds
  3 orc priests (D:3)
  3 jellies (D:5)
  3 iguanas
  An orc wizard (D:3)
  3 adders
  A white imp (D:6)
  An ufetubus (D:6)
  2 worms (D:4)
  11 orcs
  7 ball pythons
  7 endoplasms
  5 giant cockroaches
  7 hobgoblins
  8 jackals
  A quokka (D:3)
  3 frilled lizards
  4 goblins
  9 kobolds
  6 rats
103 creatures vanquished.

Notes
Turn   | Place    | Note
-------+----------+-------------------------------------------
     0 | D:1      | qw the Tengu Warper began the quest for the Orb.
     0 | D:1      | Reached XP level 1. HP: 12/12 MP: 4/4
     0 | D:1      | 0 ||| qw: Version: 0.1-a-89-g26bdef1
     0 | D:1      | 0 ||| qw: Game counter: 2523
     0 | D:1      | 0 ||| qw: Always use a shield: true
     0 | D:1      | 0 ||| qw: God list: Okawaru
     0 | D:1      | 0 ||| qw: Allow faded altars: false
     0 | D:1      | 0 ||| qw: Do Orc after D:15 true
     0 | D:1      | 0 ||| qw: Do second Lair branch before Depths: true
     0 | D:1      | 0 ||| qw: Lair rune preference: random
     0 | D:1      | 0 ||| qw: Plans: Normal
     0 | D:1      | 0 ||| PLANNING D:1-11
    27 | D:1      | 27 ||| Stepping ~*~*~tactically~*~*~ (stealth).
   118 | D:1      | Reached XP level 2. HP: 13/17 MP: 6/6
   192 | D:1      | 192 ||| Stepping ~*~*~tactically~*~*~ (stealth).
   196 | D:1      | Reached skill level 3 in Axes
   529 | D:1      | Found a faded altar of an unknown god.
   553 | D:1      | 553 ||| Stepping ~*~*~tactically~*~*~ (stealth).
   560 | D:1      | 560 ||| Stepping ~*~*~tactically~*~*~ (stealth).
   858 | D:1      | 858 ||| UPGRADING to +0 buckler.
   863 | D:1      | 863 ||| UPGRADING to +0 scale mail.
   873 | D:1      | 873 ||| DROPPING +0 leather armour.
   874 | D:1      | 874 ||| UPGRADING to scarf of resistance.
   879 | D:1      | 879 ||| READING scroll labelled WINYAS IJAIGI.
   880 | D:1      | 880 ||| READING scroll labelled VOPHUM ZOETTOTA.
   881 | D:1      | 881 ||| READING scroll labelled BAFAST LERPHAI.
   884 | D:1      | 884 ||| READING scroll labelled MEBYNOSHOAB.
   885 | D:1      | 885 ||| DROPPING scroll of blinking.
   922 | D:2      | Found a glowing silver altar of Zin.
   945 | D:2      | Reached XP level 3. HP: 21/21 MP: 7/7
   995 | D:2      | Identified the +2 pair of gloves of the Snake Pit {Will+
                  | Regen+ Str-5 Dex+5}
  1034 | D:2      | 1034 ||| Stepping ~*~*~tactically~*~*~ (stealth).
  1042 | D:2      | Reached skill level 1 in Shields
  1317 | D:2      | Reached skill level 4 in Axes
  1475 | D:2      | 1475 ||| Stepping ~*~*~tactically~*~*~ (stealth).
  1476 | D:2      | 1476 ||| Stepping ~*~*~tactically~*~*~ (stealth).
  1506 | D:2      | 1506 ||| Stepping ~*~*~tactically~*~*~ (stealth).
  1543 | D:2      | 1543 ||| UPGRADING to +2 pair of gloves of the Snake Pit
                  | {Will+ Regen+ Str-5 Dex+5}.
  1548 | D:2      | 1548 ||| READING scroll labelled FAGIBLEBOU.
  1549 | D:2      | 1549 ||| READING scroll labelled QASOBIREEM.
  1550 | D:2      | 1550 ||| READING scroll labelled GACI PYROATZU.
  1551 | D:2      | 1551 ||| READING scroll labelled KUCKUH PEGYTT.
  1608 | D:3      | 1608 ||| Stepping ~*~*~tactically~*~*~ (stealth).
  1634 | D:3      | Noticed a scorpion
  1643 | D:3      | Killed a scorpion
  1644 | D:3      | Reached skill level 5 in Axes
  1644 | D:3      | Reached XP level 4. HP: 26/26 MP: 8/8
  1738 | D:3      | Gained mutation: Your magical nature lets you fly swiftly
                  | and evasively. [Tengu growth]
  1738 | D:3      | Reached XP level 5. HP: 30/30 MP: 9/9
  1769 | D:3      | 1769 ||| Stepping ~*~*~tactically~*~*~ (stealth).
  1771 | D:3      | 1771 ||| Stepping ~*~*~tactically~*~*~ (hiding).
  1888 | D:3      | Reached skill level 6 in Axes
  1925 | D:3      | 1925 ||| Stepping ~*~*~tactically~*~*~ (stealth).
  2007 | D:3      | 2007 ||| Stepping ~*~*~tactically~*~*~ (stealth).
  2019 | D:3      | 2019 ||| Stepping ~*~*~tactically~*~*~ (hiding).
  2029 | D:3      | Reached XP level 6. HP: 32/35 MP: 10/10
  2075 | D:3      | 2075 ||| Stepping ~*~*~tactically~*~*~ (stealth).
  2145 | D:3      | Found a shimmering blue altar of Sif Muna.
  2269 | D:3      | 2269 ||| READING scroll labelled VIDUESTROUZI.
  2270 | D:3      | 2270 ||| READING 3 scrolls of identify.
  2270 | D:3      | 2270 ||| IDENTIFYING sedimented brown potion
  2271 | D:3      | 2271 ||| READING 2 scrolls of identify.
  2271 | D:3      | 2271 ||| IDENTIFYING golden potion
  2272 | D:3      | 2272 ||| DROPPING potion of attraction.
  2305 | D:4      | 2305 ||| Stepping ~*~*~tactically~*~*~ (stealth).
  2307 | D:4      | 2307 ||| Stepping ~*~*~tactically~*~*~ (stealth).
  2308 | D:4      | 2308 ||| Stepping ~*~*~tactically~*~*~ (stealth).
  2329 | D:4      | Reached skill level 7 in Axes
  2331 | D:4      | HP: 5/35 [hobgoblin (4)]
  2332 | D:4      | 2332 ||| READING scroll of teleportation.
  2335 | D:4      | HP: 2/35 [hobgoblin (2)]
  2385 | D:4      | Reached skill level 3 in Fighting
  2490 | D:4      | Found Waor's Self-Improvement Boutique.
  2513 | D:4      | 2513 ||| Stepping ~*~*~tactically~*~*~ (stealth).
  2515 | D:4      | 2515 ||| Stepping ~*~*~tactically~*~*~ (stealth).
  2533 | D:4      | Reached XP level 7. HP: 32/41 MP: 11/11
  2839 | D:4      | 2839 ||| DROPPING scarf of shadows.
  2840 | D:4      | 2840 ||| DRINKING 3 white potions.
  2841 | D:4      | 2841 ||| READING 3 scrolls of identify.
  2841 | D:4      | 2841 ||| IDENTIFYING glowing cyan potion
  2842 | D:4      | 2842 ||| READING 2 scrolls of identify.
  2842 | D:4      | 2842 ||| IDENTIFYING fuming amethyst potion
  2843 | D:4      | 2843 ||| DROPPING 2 potions of magic.
  2859 | D:5      | Entered Level 5 of the Dungeon
  2861 | D:5      | 2861 ||| Stepping ~*~*~tactically~*~*~ (stealth).
  2862 | D:5      | 2862 ||| Stepping ~*~*~tactically~*~*~ (stealth).
  2896 | D:5      | 2896 ||| Stepping ~*~*~tactically~*~*~ (stealth).
  2929 | D:5      | Found a sacrificial altar of Ru.
  3046 | D:5      | Reached skill level 8 in Axes
  3121 | D:5      | Reached XP level 8. HP: 30/46 MP: 12/12
  3124 | D:5      | Reached skill level 9 in Axes
  3164 | D:5      | Noticed Menkaure
  3171 | D:5      | Killed Menkaure
  3185 | D:5      | 3185 ||| Stepping ~*~*~tactically~*~*~ (stealth).
  3186 | D:5      | 3186 ||| Stepping ~*~*~tactically~*~*~ (stealth).
  3243 | D:5      | Reached skill level 3 in Dodging
  3248 | D:5      | Found an ornate altar of the Wu Jian Council.
  3717 | D:5      | 3717 ||| READING scroll labelled TON MUMNIRAQU.
  3745 | D:6      | 3745 ||| STAIRDANCE
  3786 | D:6      | 3786 ||| READING scroll of brand weapon.
  3786 | D:6      | 3786 ||| BRANDING +1 hand axe of chaos.
  3920 | D:6      | 3920 ||| FLEEEEING.
  3921 | D:6      | 3921 ||| FLEEEEING.
  3936 | D:6      | 3936 ||| Stepping ~*~*~tactically~*~*~ (stealth).
  3944 | D:6      | 3944 ||| Stepping ~*~*~tactically~*~*~ (stealth).
  3952 | D:6      | Reached skill level 10 in Axes
  3999 | D:6      | Reached skill level 3 in Throwing
  4004 | D:6      | 4004 ||| Stepping ~*~*~tactically~*~*~ (hiding).
  4006 | D:6      | Noticed Maggie
  4007 | D:6      | 4007 ||| Stepping ~*~*~tactically~*~*~ (hiding).
  4017 | D:6      | HP: 10/48 [Maggie/+1 broad axe of flaming (8)]
  4018 | D:6      | 4018 ||| READING scroll of teleportation.
  4018 | D:6      | Slain by Maggie

Levels and vault maps discovered:
D:1:      ebering_trefoil_twist, layout_basic,
          hellmonk_ecumenical_altar_crossroads
D:2:      layout_basic, basic_altar, kennysheep_generic_room_16
D:3:      layout_loops_ring, marbit_many_paths, serial_bayou_pond_e
D:4:      layout_cave_pools, nicolae_shop_self_help
D:5:      layout_loops_ring, mainiacjoe_overflow_alcove_4,
          mainiacjoe_overflow_cross_hatched, uniq_menkaure
D:6:      nicolae_cairo_tiling_large_dashed, layout_rooms,
          mainiacjoe_overflow_alcove_2, minmay_temple_entry_statues_pillars,
          palyth_stone_intersect, uniq_maggie

Skill      XL: |  1  2  3  4  5  6  7  8 |
---------------+-------------------------+-----
Axes           | 3 5 6 7 8 10 | 10.1
Shields        | 1 2 |  2.3
Fighting       | 3 4 |  4.2
Armour         | 2 |  2.2
Dodging        | 3 |  3.0
Throwing       | 3 |  3.1
Spellcasting   | |  2.0
Translocations | |  2.4

Action                   |  1- 3 |  4- 6 |  7- 9 || total
-------------------------+-------+-------+-------++-------
Melee: Hand axe          |    78 |    83 |   158 ||   319
       Kick              |    16 |    30 |    47 ||    93
       Peck              |     8 |    15 |    35 ||    58
       Punch             |     1 |       |       ||     1
Throw: Boomerang         |    20 |    38 |    32 ||    90
       Javelin           |       |       |     5 ||     5
  Use: Scroll            |     8 |     4 |     5 ||    17
       Potion            |       |       |     1 ||     1
 Stab: Confused          |       |       |     1 ||     1
Armor: Leather armour    |    11 |       |       ||    11
       Scale mail        |    15 |    25 |    64 ||   104
Dodge: Dodged            |    41 |    16 |    52 ||   109
Block: Buckler           |     7 |     9 |    29 ||    45

Table legend:
 A = Non-vault XP
 B = Vault XP
 C = Vault XP percentage of total XP
 D = Non-vault monster count
 E = Vault monster count
 F = Vault count percentage of total count
                 A         B        C        D         E       F
            +---------+---------+-------+---------+---------+-------
      Total |    2135 |     189 |   8.1 |      98 |       5 |   4.9
            +---------+---------+-------+---------+---------+-------
        D:1 |      33 |       0 |   0.0 |      21 |       0 |   0.0
        D:2 |      33 |       4 |  10.8 |      12 |       3 |  20.0
        D:3 |     281 |       2 |   0.7 |      24 |       1 |   4.0
        D:4 |     353 |       0 |   0.0 |      19 |       0 |   0.0
        D:5 |    1026 |     183 |  15.1 |      15 |       1 |   6.2
        D:6 |     409 |       0 |   0.0 |       7 |       0 |   0.0
            +---------+---------+-------+---------+---------+-------
